 Dungeon Crawl Stone Soup version 0.29-a0-330-g52719c12eb (webtiles) character file.

Game seed: 17268009302498400551

252 kae the Firebug (level 5, 0/30 HPs)
             Began as a Deep Elf Fire Elementalist on Apr 19, 2022.
             Slain by an orc
             ... wielding a +0 short sword
              (3 damage)
             ... on level 4 of the Dungeon.
             The game lasted 00:02:08 (4618 turns).

kae the Firebug (Deep Elf Fire Elementalist)        Turns: 4618, Time: 00:02:08

Health: 0/30       AC:  5    Str: 11      XL:     5   Next: 89%
Magic:  10/13      EV: 12    Int: 25      God:
Gold:   168        SH:  0    Dex: 13 (15) Spells: 4/13 levels left

rFire   . . .      SeeInvis .   s - +1 war axe (vorpal)
rCold   . . .      Faith    .   (no shield)
rNeg    + + +      Spirit   .   a - +1 robe
rPois   .          Reflect  .   r - +0 helmet "Goohaewn" {-Tele rElec rN+++ Int+3}
rElec   +          Harm     .   (no cloak)
rCorr   +          Rampage  .   m - +0 pair of gloves
Will    .....      NoTele   +   (no boots)
Stlth   ++........              (no amulet)
HPRegen 0.10/turn               l - ring of resist corrosion
MPRegen 0.13/turn               v - +6 ring of strength

@: lethally poisoned (0 -> -20)
A: no striking features
a: no special abilities


You were on level 4 of the Dungeon.
You visited 1 branch of the dungeon, and saw 4 of its levels.

You collected 168 gold pieces.

Inventory:

Hand Weapons
 c - a +0 short sword of speed
 s - a +1 vorpal war axe (weapon)
Armour
 a - a +1 robe (worn)
 m - a +0 pair of gloves (worn)
 r - the +0 helmet "Goohaewn" (worn) {-Tele rElec rN+++ Int+3}
   (You found it on level 2 of the Dungeon)

   Int:       It affects your intelligence (+3).
   rElec:     It insulates you from electricity.
   rN:        It renders you almost immune to negative energy.
   -Tele:     It prevents most forms of teleportation.
Jewellery
 l - a ring of resist corrosion (left hand)
 v - a +6 ring of strength (right hand)
Wands
 e - a wand of mindburst (9)
 n - a wand of digging (5)
Scrolls
 j - a scroll of enchant armour
 k - a scroll of teleportation
 q - a scroll of immolation {unknown}
 t - a scroll of identify {unknown}
 u - a scroll of vulnerability {unknown}
 w - a scroll of blinking {unknown}
 x - a scroll of fog {unknown}
 y - a scroll of noise {unknown}
 z - a scroll of torment {unknown}
Potions
 b - a potion of magic
 d - a potion of lignification
 f - a potion of degeneration
 g - a potion of heal wounds
 h - 2 potions of brilliance {unknown}
 i - a potion of flight {unknown}
 o - a potion of curing {unknown}
 p - 3 potions of mutation {unknown}


   Skills:
 + Level 1.9 Fighting
 - Level 2.4 Dodging
 - Level 2.4 Stealth
 + Level 4.5 Spellcasting
 + Level 3.0 Conjurations
 * Level 5.3 Fire Magic


You had 4 spell levels left.
You knew the following spells:

 Your Spells              Type           Power      Damage    Failure   Level
a - Foxfire               Conj/Fire      100%       2x1d9     1%          1
b - Scorch                Fire           64%        2d8       1%          2
c - Conjure Flame         Conj/Fire      26%        6-21      4%          3
d - Inner Flame           Hex/Fire       18%        N/A       9%          3

Your spell library contained the following spells:

 Spells                   Type           Power      Damage    Failure   Level
 Animate Skeleton         Necr           10%        N/A       9%          1
 Apportation              Tloc           10%        N/A       9%          1
 Summon Small Mammal      Summ           20%        N/A       9%          1
 Blink                    Tloc           10%        N/A       13%         2
 Flame Wave               Conj/Fire      26%        2d7       16%         4
 Manifold Assault         Tloc           5%         N/A       94%         5
 Storm Form               Tmut/Air       2%         N/A       100%        7


Dungeon Overview and Level Annotations

Branches:
Dungeon (4/15)
 Temple: D:4-7

Altars:

Shops:
D:3 [


Message History

The orc priest is lightly wounded.
The orc priest casts a cantrip, but nothing happens.
Casting: Foxfire (safe; 1% risk of failure)
Confirm with . or Enter, or press ? or * to list all spells.
You conjure some foxfire!
An orc wizard comes into view. It is wielding a +0 dagger.
The foxfire hits the orc priest.
The orc priest is moderately wounded.
The foxfire hits the orc priest.
The orc priest is severely wounded.
The orc priest mumbles some strange prayers to Beogh against you.
Beogh smites you!
Casting: Foxfire (safe; 1% risk of failure)
Confirm with . or Enter, or press ? or * to list all spells.
You conjure some foxfire!
The orc priest hits you with a +2 short sword of venom.
You are lethally poisoned!
* * * LOW HITPOINT WARNING * * *
You feel very sick.
The foxfire hits the orc priest but does no damage.
The orc priest is severely wounded.
The foxfire hits the orc priest but does no damage.
The orc priest is severely wounded.
The orc priest hits you but does no damage.
You are more poisoned.
The orc priest calls upon Beogh to heal the orc priest.
The orc priest is healed somewhat.
You hit the orc priest.
The orc priest is severely wounded.
You hit the orc.
* * * LOW HITPOINT WARNING * * *
You feel very sick.
The orc priest hits you with a +2 short sword of venom.
* * * LOW HITPOINT WARNING * * *
You are more poisoned.
The orc wizard gestures wildly while chanting.
The orc wizard flickers and vanishes!
Deactivating autopickup; reactivate with Ctrl-A.
The orc hits you with a +0 short sword.
You die...

####..#####.#
.. ####....##
#.# ..
##....####
#.# ..
#..####
#.#### #.
..## #....# .
.## #....# #
## #....# #
#ยงยงยง.# #
#.@### ######
#oo# .....#
#... ####.#
#oo.# #.####
#.{.#
#....####
#...#
####....##
#....
####..###...#
##.......#


You could see 2 orc priests and 2 orcs.

Vanquished Creatures
  2 scorpions (D:4)
  Ijyb (D:3)
  Robin (D:2)
  2 adders (D:3)
  2 worms (D:2)
  3 dart slugs
  5 orcs (D:3)
  3 endoplasms
  5 giant cockroaches
  7 goblins
  5 hobgoblins
  3 jackals
  2 quokkas
  4 ball pythons (D:1)
  5 bats
  3 frilled lizards
  9 kobolds
  3 rats
65 creatures vanquished.

Vanquished Creatures (others)
  A jackal (D:3)
  221 foxfires
222 creatures vanquished.

Grand Total: 287 creatures vanquished

Notes
Turn   | Place    | Note
-------+----------+-------------------------------------------
     0 | D:1      | kae the Deep Elf Fire Elementalist began the quest for the
                  | Orb.
     0 | D:1      | Reached XP level 1. HP: 10/10 MP: 6/6
   255 | D:1      | Reached XP level 2. HP: 15/15 MP: 8/8
   711 | D:1      | Found a faded altar of an unknown god.
  1455 | D:2      | Reached XP level 3. HP: 20/20 MP: 7/9
  1785 | D:2      | Reached skill level 4 in Fire Magic
  1926 | D:2      | Noticed Robin
  1931 | D:2      | Reached skill level 1 in Fighting
  1936 | D:2      | Killed Robin
  2213 | D:2      | Identified the +0 helmet "Goohaewn" {-Tele rElec rN+++
                  | Int+3}
  2239 | D:3      | Noticed Ijyb
  2622 | D:3      | Learned a level 2 spell: Scorch
  2626 | D:3      | Learned a level 3 spell: Conjure Flame
  2630 | D:3      | Learned a level 3 spell: Inner Flame
  2664 | D:3      | Reached XP level 4. HP: 21/25 MP: 7/11
  3138 | D:3      | Found Wiocoypecu's Antique Armour Boutique.
  3356 | D:3      | Killed Ijyb
  4185 | D:4      | Noticed a necrophage
  4386 | D:4      | Noticed a scorpion
  4394 | D:4      | Killed a scorpion
  4395 | D:4      | Reached skill level 5 in Fire Magic
  4395 | D:4      | Reached XP level 5. HP: 30/30 MP: 7/13
  4618 | D:4      | Slain by an orc

Illustrated notes

Levels and vault maps discovered:
D:1:      dpeg_arrival_lava_altar, layout_rooms, shapermc_ecumenical_altar_petra
D:2:      layout_loops_ring, uniq_robin
D:3:      layout_basic, serial_shops, shop_fountains, uniq_ijyb
D:4:      layout_rooms, minmay_fractal_squares_5

Skill      XL: |  1  2  3  4  5 |
---------------+----------------+-----
Fire Magic     | 4 5 |  5.3
Fighting       | 1 |  1.9
Conjurations   | 2 3 |  3.0
Spellcasting   | 4 |  4.5
Dodging        | |  2.4
Stealth        | |  2.4

Action                   |  1- 3 |  4- 6 || total
-------------------------+-------+-------++-------
Melee: Short sword       |    11 |       ||    11
       War axe           |       |     3 ||     3
 Cast: Foxfire           |    94 |    34 ||   128
       Scorch            |       |    17 ||    17
  Use: Scroll            |     2 |     1 ||     3
       Potion            |       |     5 ||     5
 Stab: Sleeping          |     1 |       ||     1
Armor: Robe              |     6 |     1 ||     7
       Skin              |       |    12 ||    12
Dodge: Dodged            |    13 |    11 ||    24

Table legend: (Time is in decaauts)
 A = Elapsed time spent in this place.
 B = Non-inter-level travel time spent in this place.
 C = Inter-level travel time spent in this place.
 D = Time resting spent in this place.
 E = Time spent auto-exploring this place.
 F = Levels seen in this place.
 G = Mean time per level.
                   A        B        C        D        E       F      G
               +--------+--------+--------+--------+--------+-----+--------+
         Total |   4616 |   4302 |    314 |    470 |   3256 |   4 | 1154.0 |
       Dungeon |   4616 |   4302 |    314 |    470 |   3256 |   4 | 1154.0 |
               +--------+--------+--------+--------+--------+-----+--------+

Top non-repeatable levels by time:
     D:2: 1614 daAuts
     D:3: 1456 daAuts
     D:1: 1302 daAuts
     D:4: 242 daAuts
